 Dungeon Crawl Stone Soup version 0.29.1-15-g9cfb28693d (webtiles) character file.

Game seed: 9250701007973509771

441 Ast3rio the Poker (level 6, -2/56 HPs)
             Began as a Minotaur Berserker on Mar 27, 2023.
             Was a Priest of Trog.
             Slain by Sigmund
             ... wielding a +2 scythe of freezing
              (3 damage)
             ... on level 4 of the Dungeon.
             The game lasted 00:02:49 (2738 turns).

Ast3rio the Poker (Minotaur Berserker)              Turns: 2738, Time: 00:02:49

Health: -2/56      AC:  5    Str: 23    XL:     6   Next: 70%
Magic:  5/5        EV: 11    Int:  4    God:    Trog [***...]
Gold:   239        SH:  0    Dex: 10    Spells: 5/5 levels left

rFire   . . .      SeeInvis .   v - +0 falchion (flame)
rCold   . . .      Faith    .   (no shield)
rNeg    . . .      Spirit   .   t - +0 ring mail
rPois   .          Reflect  .   (helmet restricted)
rElec   .          Harm     .   (no cloak)
rCorr   .          Rampage  .   (no gloves)
Will    .....                   (no boots)
Stlth   +.........              (no amulet)
HPRegen 0.18/turn               (no ring)
MPRegen 0.09/turn               (no ring)

@: no status effects
A: horns 2, retaliatory headbutt
a: Renounce Religion, Berserk, Trog's Hand


You were on level 4 of the Dungeon.
You worshipped Trog.
Trog was most pleased with you.
You visited 1 branch of the dungeon, and saw 4 of its levels.

You collected 239 gold pieces.

Inventory:

Hand Weapons
 a - a +0 spear
 v - a +0 falchion of flaming (weapon)
Armour
 b - a +0 animal skin
 t - a +0 ring mail (worn)
Jewellery
 q - an amulet of the acrobat
Scrolls
 c - 2 scrolls of magic mapping {unknown}
 d - 4 scrolls of identify {unknown}
 g - a scroll of enchant weapon {unknown}
 k - a scroll of acquirement {unknown}
 l - a scroll of teleportation {unknown}
 n - a scroll of vulnerability {unknown}
 p - a scroll of enchant armour {unknown}
 r - 2 scrolls of butterflies {unknown}
 s - 2 scrolls of brand weapon {unknown}
 u - 2 scrolls of poison {unknown}
 w - a scroll of summoning {unknown}
Potions
 e - a potion of lignification {unknown}
 f - a potion of flight {unknown}
 h - 2 potions of mutation {unknown}
 i - 2 potions of curing {unknown}
 j - 2 potions of resistance {unknown}
 m - 4 potions of heal wounds {unknown}
 o - 4 potions of might {unknown}


   Skills:
 + Level 5.5 Fighting
 + Level 7.1 Polearms
 + Level 3.1 Armour
 + Level 3.4 Dodging
 + Level 0.9 Stealth


You had 5 spell levels left.
You didn't know any spells.
Your spell library was empty.

Dungeon Overview and Level Annotations

Branches:
Dungeon (4/15)
 Temple: D:4-7

Altars:
Xom

Annotations:
D:4 KingKong's ghost, amateur TrGl; Sigmund


Innate Abilities, Weirdness & Mutations

You have a pair of horns on your head.
You reflexively headbutt those who attack you in melee.


Message History

Sigmund is nearby!
You slash Sigmund! You burn Sigmund.
Sigmund is almost dead.
Sigmund closely misses you.
You closely miss Sigmund. You headbutt Sigmund, but do no damage.
Sigmund is almost dead.
You barely miss Sigmund. Your headbutt misses Sigmund.
Sigmund is almost dead.
Sigmund points at you and mumbles some strange words.
You are confused.
Sigmund points at you and mumbles some strange words.
The magic dart hits you!
You are too confused!
You are too confused!
You are too confused!
You are too confused!
You are too confused!
You hit Sigmund. You burn Sigmund. Your headbutt misses Sigmund.
Sigmund is almost dead.
Sigmund casts a spell.
Sigmund flickers and vanishes!
Deactivating autopickup; reactivate with Ctrl-A.
You're too confused to move!
Something hits you! Something freezes you. Something hits you.
Something freezes you.
You're too confused to move!
You hear some strange, mumbled words.
A puff of flame appears from out of thin air!
The puff of flame hits you! Something hits you but does no damage.
You feel less confused. Something hits you!
* * * LOW HITPOINT WARNING * * *
Something freezes you.
* * * LOW HITPOINT WARNING * * *
You see here a +0 dagger.
You barely miss something. You barely miss something. Something hits you!
* * * LOW HITPOINT WARNING * * *
Something freezes you.
You die...

########..##########.#
# ##....# #.# #
####.#### #.# #
####....####.# #
#............# #
#......####..##### #
#......# ##.....#####
#......# #.##......#
#....@.+.....##...)..#
#....{.########......#
#......# #......#
#####.... #......#
#..... ####..##
#.....# ##..# #.#####
##.. #.# ##... #....


There were no monsters in sight!

Vanquished Creatures
  Eustachio (D:4)
  A black bear (D:4)
  A necrophage (D:4)
  A jelly (D:3)
  An orc wizard (D:3)
  3 adders
  5 dart slugs
  2 orcs (D:3)
  8 endoplasms
  3 giant cockroaches
  8 goblins
  6 hobgoblins
  2 jackals (D:2)
  3 quokkas
  5 ball pythons
  3 bats (D:1)
  A frilled lizard (D:3)
  3 kobolds
  8 rats
65 creatures vanquished.

Vanquished Creatures (others)
  A fungus (D:4)
1 creature vanquished.

Grand Total: 66 creatures vanquished

Notes
Turn   | Place    | Note
-------+----------+-------------------------------------------
     0 | D:1      | Ast3rio the Minotaur Berserker began the quest for the Orb.
     0 | D:1      | Reached XP level 1. HP: 19/19 MP: 0/0
   152 | D:1      | Reached XP level 2. HP: 27/27 MP: 1/1
   154 | D:1      | Reached skill level 4 in Polearms
   830 | D:1      | Reached ** piety under Trog
   961 | D:2      | Reached XP level 3. HP: 33/33 MP: 2/2
  1561 | D:3      | Reached XP level 4. HP: 41/41 MP: 3/3
  1874 | D:3      | Reached skill level 5 in Polearms
  2142 | D:3      | Reached *** piety under Trog
  2143 | D:3      | Reached XP level 5. HP: 47/47 MP: 4/4
  2363 | D:4      | Noticed KingKong's ghost (amateur TrGl)
  2364 | D:4      | Noticed a black bear
  2371 | D:4      | Killed a black bear
  2372 | D:4      | Reached skill level 5 in Fighting
  2372 | D:4      | Reached skill level 6 in Polearms
  2456 | D:4      | Noticed Eustachio
  2469 | D:4      | Killed Eustachio
  2470 | D:4      | Reached XP level 6. HP: 56/56 MP: 5/5
  2528 | D:4      | Found a shimmering altar of Xom.
  2554 | D:4      | Reached skill level 7 in Polearms
  2718 | D:4      | Noticed Sigmund
  2738 | D:4      | HP: 1/56 [something (10)]
  2738 | D:4      | Slain by Sigmund

Illustrated notes

Levels and vault maps discovered:
D:1:      psy_arrival_radial01, layout_basic, feat_on_display
D:2:      layout_rooms
D:3:      layout_rooms, grunt_ministairs_5, kennysheep_generic_room_10
D:4:      layout_basic, mainiacjoe_overflow_boulevard, gammafunk_ghost_split,
          uniq_sigmund, uniq_eustachio

Skill      XL: |  1  2  3  4  5  6 |
---------------+-------------------+-----
Polearms       | 4 5 6 7 |  7.1
Fighting       | 4 5 |  5.5
Dodging        | 3 |  3.4
Armour         | 3 |  3.1
Stealth        | |  0.9

Action                   |  1- 3 |  4- 6 || total
-------------------------+-------+-------++-------
Melee: Spear             |    86 |    60 ||   146
       Headbutt          |     7 |    14 ||    21
       Punch             |       |     3 ||     3
       Falchion          |       |    20 ||    20
Armor: Animal skin       |     5 |     1 ||     6
       Ring mail         |       |    10 ||    10
Dodge: Dodged            |    28 |    31 ||    59
